[Event "*** SCC Grand Prix: Titled Tuesday Blitz"]
[Site "Chess.com"]
[Date "2020.07.21"]
[Round "8"]
[White "Xeniya2005"]
[Black "natelleka"]
[Result "0-1"]
[WhiteElo "2370"]
[BlackElo "2167"]
[TimeControl "180+1"]
[EndTime "11:37:02 PDT"]
[Termination "natelleka won by checkmate"]

1. e4 e5 2. Nf3 Nf6 3. Nxe5 Nxe4 4. Bd3 Qe7 5. Bxe4 Qxe5 6. O-O Bd6 7. g3 O-O 8. Re1 Qf6 9. d4 c6 10. Qg4 Bb4 11. c3 d5 12. Bxh7+ Kxh7 13. Qh5+ Kg8 14. cxb4 Qxd4 15. Nc3 Bg4 16. Qg5 Be6 17. Bf4 Nd7 18. Rad1 Qxb4 19. Ne2 Qxb2 20. Nd4 Rfe8 21. Re2 Qa3 22.
Rde1 Qe7 23. Qxe7 Rxe7 24. Nf5 Ree8 25. Nd6 Rf8 26. Nxb7 Nb6 27. Nc5 Rfe8 28. Nxe6 Rxe6 29. Rxe6 fxe6 30. Rxe6 Kf7 31. Rxc6 Rd8 32. Kf1 d4 33. Ke2 Nd5 34. Bd2 g6 35. Kd3 Ne7 36. Rc7 Ke6 37.
Rxa7 Rd6 38. Ra5 Nd5 39. f4 Nf6 40. h3 Nh5 41. Re5+ Kf6 42. g4 Ng3 43. Rc5 Nh1 44. h4 Nf2+ 45. Ke2 Nxg4 46. Kf3 Nh2+ 47. Kg2 Ng4 48. Rg5 Nh6 49. Kf3 Nf5 50. h5 gxh5 51.
Rxh5 Ra6 52. Rh8 Ra3+ 53. Ke2 Rxa2 54. Rf8+ Ke6 55. Re8+ Kd5 56. Ke1 Ng3 57. Re5+ Kc4 58. f5 Kd3 59. Bf4 Ne4 60. Re6 Ra1+ 61. Bc1 Rxc1# 0-1

[Event "*** SCC Grand Prix: Titled Tuesday Blitz"]
[Site "Chess.com"]
[Date "2020.07.21"]
[Round "8"]
[White "eightbyeightchess"]
[Black "mfwagnerpeixoto"]
[Result "1-0"]
[WhiteElo "2424"]
[BlackElo "2268"]
[TimeControl "180+1"]
[EndTime "11:37:02 PDT"]
[Termination "eightbyeightchess won on time"]

1. e4 c5 2. Nf3 g6 3. d4 cxd4 4. Nxd4 Bg7 5. Nc3 Nc6 6. Be3 Nf6 7. Be2 O-O 8. f4 d6 9. Nb3 Be6 10. g4 a5 11. a4 d5 12. f5 Bc8 13. exd5 Nb4 14.
Bf3 gxf5 15. g5 Ng4 16. Bg1 e6 17. h3 Qxg5 18. hxg4 fxg4 19. Bxg4 exd5 20. Bxc8 Raxc8 21. Qh5 Nxc2+ 22. Kd1 Qxh5+ 23. Rxh5 Nxa1 24. Nxa1 f5 25. Rg5 h6 26. Rg2 Kh7 27. Nb3 Bxc3 28. bxc3 Rxc3 29.
Bd4 Rc7 30. Be5 Rcf7 31. Nxa5 Rg8 32. Rd2 Rd7 33. Nc4 Rg1+ 34. Kc2 Rg4 35. Nb6 Re7 36.
Rxd5 Re6 37. a5 Re4 38. Nd7 f4 39. Nf6+ Rxf6 40. Bxf6 f3 41. Rf5 Ra4 42. Bc3 Ra2+ 43. Kb3 Rf2 44. Rf7+ Kg6 45. Rxb7 Rf1 46. Rg7+ Kh5 47.
Rf7 Kg6 48. Rf6+ Kg5 49. a6 f2 50. Ka2 Rc1 51. a7 Rxc3 52. a8=Q Kxf6 53. Qf8+ Ke6 54.
Qxf2 Rc6 55. Kb3 Kd7 56. Qf5+ Kc7 57. Kb4 Kb6 58. Qa5+ Kb7 59. Qd5 Kc7 60. Kb5 Rb6+ 61. Ka5 Rb7 62. Qe5+ Kc8 63. Qe8+ Kc7 64. Qf7+ Kb8 65.
Qf8+ Ka7 66. Qxh6 Rb8 67. Qe3+ Ka8 68. Ka6 1-0

[Event "*** SCC Grand Prix: Titled Tuesday Blitz"]
[Site "Chess.com"]
[Date "2020.07.21"]
[Round "8"]
[White "kasparicy"]
[Black "LedakovAlexandr"]
[Result "1-0"]
[WhiteElo "2360"]
[BlackElo "2477"]
[TimeControl "180+1"]
[EndTime "11:37:03 PDT"]
[Termination "kasparicy won by resignation"]

1. e4 Nc6 2. Nf3 d6 3. d4 g6 4. Be2 Bg7 5. h4 Nf6 6. Nc3 Bg4 7. Be3 e5 8. d5 Ne7 9. Ng5 Bxe2 10. Qxe2 h6 11. Nh3 c6 12. dxc6 bxc6 13. O-O-O Qc7 14. g4 d5 15. g5 hxg5 16. hxg5 Nxe4 17. Nxe4 dxe4 18. Bc5 Nd5 19. Qxe4 O-O-O 20. Qa4 Kb7 21. Qxa7+ Kc8 22. Qa8+ Kd7 23. Qa4 Kc8 24. Rd3 e4 25. Qxe4 Qe5 26. Qg4+ Qf5 27. Qa4 Qe5 28. Qxc6+ Nc7 29.
Rxd8+ Rxd8 30. Ba3 Qd5 31. Qxd5 Rxd5 32. Nf4 Rf5 33. Nd3 Rxg5 34. Rh7 Ne6 35. c3 Rg1+ 36. Kc2 Kd7 37. Bc5 Ke8 38. Be3 Rg2 39. a4 f5 40. Kb3 Kf7 41. Bd4 Nxd4+ 42. cxd4 Kg8 43. Rh3 Bxd4 44. Re3 Bxe3 45. fxe3 Rg3 46. Kc4 Rxe3 47. a5 Re4+ 48. Kb5 g5 49. a6 g4 50. a7 Re8 51. Nf4 Kg7 52. Ka6 Kh6 53. b4 Kg5 54. Ng2 f4 55. b5 f3 56. Ne3 f2 57.
Nf1 Kf4 58. b6 g3 59. b7 g2 60. b8=Q+ Rxb8 61. axb8=Q+ Kf3 62. Qg3+ Ke2 63. Qxg2 Ke1 64.
Ng3 Kd2 65. Qxf2+ 1-0

[Event "*** SCC Grand Prix: Titled Tuesday Blitz"]
[Site "Chess.com"]
[Date "2020.07.21"]
[Round "8"]
[White "platy3"]
[Black "hansen"]
[Result "0-1"]
[WhiteElo "2773"]
[BlackElo "2921"]
[TimeControl "180+1"]
[EndTime "11:37:05 PDT"]
[Termination "hansen won on time"]

1. e4 c5 2. Nf3 e6 3. d4 cxd4 4. Nxd4 a6 5. c4 Nf6 6. Nc3 Bb4 7. Qd3 Nc6 8. Nc2 Be7 9. Be2 O-O 10. O-O Qc7 11. f4 d6 12. Be3 b6 13. Rac1 Bb7 14. Nd4 Nxd4 15. Bxd4 Rac8 16. Qg3 g6 17. Bd3 e5 18.
fxe5 dxe5 19. Be3 Nh5 20. Qf2 Nf4 21. Rfd1 Nxd3 22. Rxd3 Qxc4 23. Rd7 Rc7 24. b3 Qc6 25. Rxe7 Rxe7 26. Nd5 Qd6 27. Nxe7+ Qxe7 28. Bh6 Rd8 29. h3 Bxe4 30. Rc7 Qe6 31. Qh4 f6 32. Rg7+ Kh8 33.
Rc7 g5 34. Bg7+ Kg8 35. Qh6 Bg6 36. Bf8 Rd7 37. Rxd7 Qxd7 38. Ba3 Qd8 39. h4 gxh4 40.
Qxh4 Qd4+ 41. Qxd4 exd4 42. Bb2 d3 43. Kf2 Kf7 44.
Ke3 Ke6 45. Bd4 b5 46. Kd2 h5 47. Ba7 Be4 48. g3 Kf5 49. Bb8 Kg4 50. Ke3 f5 51.
Bc7 Bd5 52. Kxd3 f4 53. gxf4 Kf5 54. Ke3 h4 55. Kf2 Kg4 56. Kg1 h3 57. Kh2 Be6 58.
Bb8 Kf3 59. Bd6 Ke2 60. Be7 Bf5 61. Bd6 Ke3 62. Be5 Ke4 63. Kg3 Kd3 64. Kh2 Kc2 65.
a3 Kxb3 66. Bd6 a5 67. Kg3 b4 68. axb4 axb4 69. Kh2 Kc4 70. Kg3 b3 0-1

[Event "*** SCC Grand Prix: Titled Tuesday Blitz"]
[Site "Chess.com"]
[Date "2020.07.21"]
[Round "8"]
[White "keepitcool9499"]
[Black "124chess"]
[Result "1/2-1/2"]
[WhiteElo "2585"]
[BlackElo "2690"]
[TimeControl "180+1"]
[EndTime "11:37:05 PDT"]
[Termination "Game drawn by stalemate"]

1. d4 g6 2. c4 Bg7 3. Nc3 c5 4. e3 Nf6 5. Nf3 O-O 6. Be2 cxd4 7. exd4 d5 8. O-O Nc6 9. Be3 b6 10. h3 Bb7 11. Rc1 Rc8 12. Ne5 dxc4 13. Bf3 Na5 14.
Bxb7 Nxb7 15. Qf3 Nd6 16. Rfd1 Qc7 17. Bf4 Qb7 18. Qxb7 Nxb7 19. a4 Nd6 20. Nb5 Nd5 21. Bg3 Nxb5 22. axb5 Bxe5 23. Bxe5 f6 24. Bg3 c3 25.
Rc2 Rc4 26. bxc3 Rxc3 27. Rxc3 Nxc3 28. Ra1 Nxb5 29. f3 Rd8 30. Bf2 Kf7 31. Kf1 Rd7 32. Ke2 Nc3+ 33. Kf1 Nd5 34. g3 a5 35. Ke2 a4 36.
Kd3 b5 37. Rb1 b4 38. Kc4 e6 39. Ra1 a3 40. Kb3 h5 41. Be1 g5 42. Rb1 Rb7 43. Ka2 Kg6 44. g4 h4 45. Bd2 Kf7 46. Kb3 Ke7 47. Re1 Kd6 48. Rc1 Rc7 49. Rb1 Rb7 50. Rc1 Rb8 51. Rb1 Ra8 52. Ka2 Nc3+ 53.
Bxc3 bxc3 54. Rc1 Rc8 55. Kxa3 Kd5 56. Kb3 c2 57. Rxc2 Rxc2 58. Kxc2 Kxd4 59. Kd2 f5 60. gxf5 exf5 61. Ke2 Kc3 62. f4 Kd4 63. fxg5 Ke5 64. Kf3 f4 65. g6 Kf6 66. Kxf4 Kxg6 67. Kg4 Kh6 68. Kxh4 Kh7 69. Kg4 Kh8 70. h4 Kg8 71.
h5 Kh8 72. Kh4 Kh7 73. Kg5 Kh8 74. h6 Kh7 75. Kh5 Kh8 76. Kg6 Kg8 77. h7+ Kh8 78. Kh6 1/2-1/2

[Event "*** SCC Grand Prix: Titled Tuesday Blitz"]
[Site "Chess.com"]
[Date "2020.07.21"]
[Round "8"]
[White "KyrgyzFighter"]
[Black "Munguntuul_B"]
[Result "1-0"]
[WhiteElo "2353"]
[BlackElo "2525"]
[TimeControl "180+1"]
[EndTime "11:37:07 PDT"]
[Termination "KyrgyzFighter won on time"]

1. c4 e6 2. Nc3 d5 3. d4 c6 4. e4 dxe4 5. Nxe4 Bb4+ 6. Bd2 Qxd4 7. Bxb4 Qxe4+ 8. Be2 Na6 9. Ba5 b6 10. Qd6 Bd7 11. Bc3 Ne7 12. Rd1 Rd8 13. Bxg7 Nf5 14. Qe5 Qxe5 15. Bxe5 Rg8 16. g4 Nh4 17. Bf6 Ng2+ 18.
Kf1 Nf4 19. Bxd8 Kxd8 20. Bf3 Kc7 21. Ne2 Nh3 22. Nc3 e5 23. Ke2 Bxg4 24. Ne4 Nf4+ 25. Ke3 Be6 26. Nf6 Rg6 27. Ne8+ Kc8 28. b3 Nc5 29.
Bxc6 f5 30. h4 Ng2+ 31. Bxg2 Rxg2 32. Nd6+ Kc7 33. Nb5+ Kb7 34. Rd6 f4+ 35. Kf3 Rg6 36. Ke2 a6 37. Rxe6 Rxe6 38. Nc3 Rd6 39. f3 Rd3 40.
Rg1 Rxc3 41. Rg7+ Kc6 42. Rxh7 Rc2+ 43. Kd1 Rxa2 44. h5 Nd3 45. h6 Rh2 46. Rh8 Kb7 47.
h7 a5 48. Rd8 Nb2+ 49. Kc1 Rxh7 50. Kxb2 Rh2+ 51. Kc3 Rf2 52. Rd3 Kc6 53. b4 a4 54.
b5+ Kc7 55. Kb4 Re2 56. Kxa4 Re3 57. Rd5 Rxf3 58. Rxe5 Rc3 59. Kb4 1-0

[Event "*** SCC Grand Prix: Titled Tuesday Blitz"]
[Site "Chess.com"]
[Date "2020.07.21"]
[Round "8"]
[White "Noam_Vitenberg"]
[Black "GregShahade"]
[Result "1-0"]
[WhiteElo "2493"]
[BlackElo "2680"]
[TimeControl "180+1"]
[EndTime "11:37:07 PDT"]
[Termination "Noam_Vitenberg won by checkmate"]

1. d4 Nf6 2. c4 g6 3. Nc3 d5 4. cxd5 Nxd5 5. e4 Nxc3 6. bxc3 Bg7 7. Nf3 c5 8. Be3 Qa5 9. Qd2 O-O 10. Rc1 Rd8 11. d5 e6 12. Bg5 f6 13. Be3 Nc6 14. h4 Ne7 15. c4 Qxd2+ 16. Nxd2 b6 17. Be2 h6 18. O-O f5 19. f3 Ba6 20. Rfe1 Kh7 21. Nb3 fxe4 22. fxe4 Be5 23. Nd2 Bg3 24. Rf1 Rf8 25. Rf3 Rxf3 26. Bxf3 e5 27. h5 Nc8 28.
hxg6+ Kxg6 29. Nf1 Bh4 30. Bg4 Nd6 31. Nd2 Rf8 32. a4 Bg5 33. Bxg5 Kxg5 34. Be2 Kf4 35.
Rf1+ Ke3 36. Rxf8 Kxe2 37. Nf3 Nxc4 38. Rf6 Ke3 39. d6 Bc8 40. Rf8 Bg4 41. Rg8 Bxf3 42.
d7 Bxe4 43. d8=Q Nb2 44. Qf6 Nd3 45. Rg3+ Kd4 46. Qd6+ Kc4 47. Qe6+ Kd4 48. Qd6+ Kc4 49. Rxd3 Bxd3 50. Qxe5 Kb4 51. Qf4+ c4 52. Qxh6 Kxa4 53. Qd2 Kb3 54. g4 Bh7 55. Qd1+ Bc2 56. Qc1 c3 57.
Kf2 b5 58. Ke3 b4 59. Kd4 a5 60. g5 a4 61. Qf1 Kb2 62. Qc4 a3 63. Qxb4+ Kc1 64.
Qxa3+ Kb1 65. Qxc3 Bg6 66. Qe3 Bc2 67. Qe5 Bg6 68. Qf6 Bc2 69. g6 Bxg6 70. Qxg6+ Ka1 71. Qf5 Kb2 72. Qf6 Ka1 73. Qe5 Kb2 74. Qd5 Ka1 75. Qg2 Kb1 76. Kc3 Ka1 77. Qb2# 1-0

[Event "*** SCC Grand Prix: Titled Tuesday Blitz"]
[Site "Chess.com"]
[Date "2020.07.21"]
[Round "8"]
[White "Shubinkirill2003"]
[Black "Kavyev_Ruslan"]
[Result "1/2-1/2"]
[WhiteElo "2632"]
[BlackElo "2436"]
[TimeControl "180+1"]
[EndTime "11:37:09 PDT"]
[Termination "Game drawn - insufficient material"]

1. e4 c5 2. Nf3 d6 3. d4 cxd4 4. Qxd4 Nf6 5. Bb5+ Bd7 6. c4 g6 7. Nc3 Bg7 8. O-O O-O 9. h3 a6 10. Bxd7 Nbxd7 11. Qd3 Rc8 12. Rb1 Nc5 13. Qe2 Nfd7 14. Rd1 Ne5 15. Nxe5 Bxe5 16. Nd5 Ne6 17. Be3 Bg7 18. b3 h6 19. f4 Nc5 20. e5 Kh7 21. Bf2 Ne6 22. exd6 exd6 23. Qf3 f5 24. Rd2 b6 25.
Nxb6 Rb8 26. Nd5 Nc5 27. Bxc5 dxc5 28. Rbd1 a5 29. Kh1 a4 30. Rd3 axb3 31. axb3 Qa5 32.
g4 fxg4 33. hxg4 Rbe8 34. Rf1 Re1 35. Rd1 Rxd1 36. Rxd1 Qa2 37. Rf1 Qc2 38. Rf2 Qb1+ 39. Rf1 Qc2 40. f5 gxf5 41. gxf5 Be5 42. Qg2 Qxg2+ 43.
Kxg2 Rb8 44. Rf3 Kg7 45. Re3 Bf6 46. Re6 Bd4 47. Re7+ Kf8 48. Rh7 Rxb3 49. f6 Rb1 50. Rxh6 Rc1 51. Rh8+ Kf7 52. Rh7+ Kf8 53. Nf4 Bxf6 54.
Ne6+ Kg8 55. Rc7 Rxc4 56. Kf3 Bd4 57. Rd7 Rc3+ 58. Ke4 Rc1 59. Kf5 Rf1+ 60. Kg4 Rf7 61. Rd8+ Kh7 62. Ng5+ Kg6 63. Nxf7 Kxf7 64. Kf5 Ke7 65.
Rc8 Kd7 66. Ra8 Kd6 67. Ke4 Kc6 68. Ra4 Kb5 69. Ra2 Kc4 70. Rc2+ Kb3 71. Rxc5 Bxc5 1/2-1/2

[Event "*** SCC Grand Prix: Titled Tuesday Blitz"]
[Site "Chess.com"]
[Date "2020.07.21"]
[Round "8"]
[White "Zhani-Z"]
[Black "Roman_Ovetchkin"]
[Result "1/2-1/2"]
[WhiteElo "2432"]
[BlackElo "2589"]
[TimeControl "180+1"]
[EndTime "11:37:10 PDT"]
[Termination "Game drawn - insufficient material"]

1. e4 c6 2. d4 d5 3. exd5 cxd5 4.
Bd3 Nc6 5. c3 Nf6 6. h3 e5 7.
dxe5 Nxe5 8. Bb5+ Nc6 9. Nf3 Bc5 10. O-O O-O 11. Nbd2 Re8 12. Nb3 Bb6 13. Bd3 h6 14.
Bf4 Ne4 15. Be3 Bxe3 16. fxe3 Ng3 17. Re1 Bf5 18. Bxf5 Nxf5 19. Qd3 Ng3 20. Rad1 Qb6 21. Qxd5 Rxe3 22. Qc5 Rxe1+ 23. Rxe1 Qxc5+ 24. Nxc5 b6 25. Ne4 Nf5 26. g4 Nfe7 27. Rd1 f5 28. gxf5 Nxf5 29.
Rd7 Re8 30. Nd6 Nxd6 31. Rxd6 Na5 32. Rd7 Re2 33. b4 Nc4 34. Rxa7 Re3 35. Kg2 Rxc3 36.
Nd4 Nd6 37. Ne6 Nf5 38. a4 Rg3+ 39. Kh2 Re3 40. Nf4 Rb3 41. Nd5 Kf8 42. a5 bxa5 43.
bxa5 Rd3 44. Nb6 Rd2+ 45. Kg1 Nd4 46. a6 Nf3+ 47. Kf1 Nh2+ 48. Ke1 Nf3+ 49. Kf1 Ra2 50. Ra8+ Kf7 51. a7 Ng5 52. h4 Ne6 53. Ke1 Nc7 54. Rd8 Rxa7 55. Rd7+ Kf6 56. Kf2 Ra2+ 57. Kg3 Rc2 58.
Rxc7 Rxc7 59. Nd5+ Kf5 60. Nxc7 h5 61. Nd5 g5 62.
Ne3+ Kg6 63. hxg5 Kxg5 64. Ng2 h4+ 65. Kh3 Kf5 66. Nxh4+ 1/2-1/2

[Event "*** SCC Grand Prix: Titled Tuesday Blitz"]
[Site "Chess.com"]
[Date "2020.07.21"]
[Round "8"]
[White "jb2mix"]
[Black "ChessAurochs"]
[Result "0-1"]
[WhiteElo "2673"]
[BlackElo "2589"]
[TimeControl "180+1"]
[EndTime "11:37:11 PDT"]
[Termination "ChessAurochs won on time"]

1. e4 c6 2. d4 d5 3. Nc3 dxe4 4.
Nxe4 Nf6 5. Nxf6+ exf6 6. c3 Bd6 7. Bd3 O-O 8. Qc2 Re8+ 9. Ne2 h5 10. Be3 h4 11. g3 h3 12. Bh7+ Kh8 13. Bf5 Bxf5 14. Qxf5 Qd7 15. Qxd7 Nxd7 16. Ng1 Nb6 17. Nxh3 Nc4 18.
Ke2 Re7 19. Kf3 Nxb2 20. Bf4 Bxf4 21. Nxf4 Nc4 22. Rhd1 g6 23. h4 Kg7 24. Nd3 Rd8 25.
Rab1 b6 26. Rb4 Nd6 27. Ra4 Nf5 28. Nb4 Rd6 29. Rh1 c5 30. Nc2 cxd4 31. cxd4 Rc7 32. g4 Rc3+ 33. Kg2 Nxh4+ 34. Rxh4 Rxc2 35. Rxa7 Rxd4 36.
Ra8 f5 37. Rhh8 Rxg4+ 38. Kf3 Rc3+ 39. Ke2 Re4+ 40. Kd2 Rf3 41. Rh2 Rd4+ 42. Ke2 Rc3 43. Ra6 Rb4 44. a3 Rb2+ 45. Kf1 Rcc2 46. a4 g5 47. Kg1 Kg6 48. a5 f6 49. axb6 Rc6 50.
Rh8 Rcxb6 51. Ra7 Rb7 52. Raa8 f4 53. Rhg8+ Kf5 54. Ra5+ R2b5 55. Ra6 R7b6 56. Ra7 Kg4 57. Kg2 f3+ 58. Kh2 Rb2 59. Ra4+ R6b4 60. Rxb4+ Rxb4 61. Rf8 f5 62. Rc8 Rb1 63. Rc4+ f4 64. Rc2 Re1 65.
Ra2 Re2 0-1

[Event "*** SCC Grand Prix: Titled Tuesday Blitz"]
[Site "Chess.com"]
[Date "2020.07.21"]
[Round "8"]
[White "jonychess03"]
[Black "cukin84"]
[Result "1-0"]
[WhiteElo "2310"]
[BlackElo "2163"]
[TimeControl "180+1"]
[EndTime "11:37:12 PDT"]
[Termination "jonychess03 won on time"]

1. c4 f5 2. Nc3 Nf6 3. d3 g6 4. e4 d6 5. Nf3 e5 6. Bg5 Be7 7. Qe2 Nc6 8. Bh6 Ng4 9. Bc1 Be6 10. h3 Nf6 11. Nd5 Qd7 12. Ng5 O-O-O 13. Nxe6 Qxe6 14.
Bg5 Nd4 15. Qd2 fxe4 16. Nxe7+ Qxe7 17. dxe4 Rhf8 18. Bd3 Qe6 19. O-O Rd7 20. b4 Rdf7 21. c5 Ne8 22. Be3 h6 23. Rac1 Rf4 24. Bxf4 Rxf4 25. cxd6 Nxd6 26. Qc3 Qd7 27. b5 g5 28. b6 axb6 29. Qa3 Kd8 30. Qa8+ Ke7 31. Qh8 Nf7 32. Qg7 Ne6 33. Qg6 Qxd3 34. Rfd1 Qe2 35. Rf1 c6 36.
Rce1 Qd2 37. Qg8 Nd6 38. Qb8 Rxe4 39. Rxe4 Nxe4 40. Qxb7+ Kf6 41. Qxc6 Kf5 42. Qxb6 Nf4 43. Qe3 Ne2+ 44. Kh1 Qxe3 45. fxe3+ Ke6 46. Re1 N4g3+ 47. Kh2 Kd5 48. Ra1 Ke4 49. a3 Kxe3 50. a4 Ne4 51. a5 Nc5 52. a6 Nxa6 53. Rxa6 e4 54. Rxh6 Nf4 55. Rh7 Kf2 56. Re7 e3 57. g3 Nd3 58.
Rf7+ Ke1 59. h4 e2 60. h5 Nf2 61. Re7 Ng4+ 62. Kh3 Nf2+ 63. Kg2 Ng4 64. Re4 Kd2 65. Rd4+ Ke3 66. Rd8 Ne5 67. Re8 Kd4 68. Kf2 1-0

[Event "*** SCC Grand Prix: Titled Tuesday Blitz"]
[Site "Chess.com"]
[Date "2020.07.21"]
[Round "8"]
[White "seorobert1971"]
[Black "Isajevsky_Anton"]
[Result "1/2-1/2"]
[WhiteElo "2684"]
[BlackElo "2580"]
[TimeControl "180+1"]
[EndTime "11:37:17 PDT"]
[Termination "Game drawn - insufficient material"]

1. c4 c5 2. Nc3 g6 3. Nf3 Bg7 4.
e3 Nf6 5. d4 cxd4 6. exd4 d5 7.
Bg5 dxc4 8. Bxc4 O-O 9. O-O Bg4 10. h3 Bxf3 11. Qxf3 Nc6 12. Rad1 Rc8 13. Bb3 Na5 14. Bc2 Qd6 15. Bc1 a6 16. Qe2 Nc4 17.
d5 b5 18. Bb3 Nd7 19. Rfe1 Rfe8 20. Ne4 Qb6 21. Qf3 Nd6 22. Ng5 Qd8 23. Bf4 Rf8 24.
Qe2 Re8 25. h4 Nf6 26. g3 Qd7 27. Kg2 Qf5 28. Rd2 Qd7 29. Qf3 a5 30. a3 a4 31.
Ba2 Nc4 32. Bxc4 Rxc4 33. d6 e6 34. Be5 Nh5 35. Bxg7 Kxg7 36. Ne4 f5 37. Ng5 h6 38. Nh3 e5 39. Qd5 Nf6 40. Qd3 Re6 41. Red1 Rd4 42. Qc2 Rexd6 43. Rxd4 Rxd4 44. Rxd4 exd4 45. Nf4 Nd5 46.
Nd3 Qd6 47. Qc8 Ne7 48. Qe8 Qc6+ 49. Qxc6 Nxc6 50. Kf3 Kf6 51. Nc5 g5 52. hxg5+ hxg5 53. Ke2 Ke5 54. Nd7+ Kd6 55. Nf6 Ne5 56. Nh7 g4 57. Ng5 Nc4 58. Kd3 Kd5 59. Kc2 Ne5 60. Nh7 Ke4 61. Ng5+ Kd5 62. Nh7 Nc4 63. Nf6+ Ke5 64. Nh7 d3+ 65. Kxd3 Nxb2+ 66. Kc3 Nc4 67. Kb4 Ke4 68. Ng5+ Kd3 69. Ne6 Ke2 70. Nd4+ Kxf2 71.
Nxf5 Ne3 72. Nh6 Kxg3 73. Kxb5 Nc2 74. Kxa4 Nxa3 75. Kxa3 Kf3 76. Nxg4 1/2-1/2

[Event "*** SCC Grand Prix: Titled Tuesday Blitz"]
[Site "Chess.com"]
[Date "2020.07.21"]
[Round "8"]
[White "petroniy_arbitr"]
[Black "chalowey97"]
[Result "0-1"]
[WhiteElo "2252"]
[BlackElo "2145"]
[TimeControl "180+1"]
[EndTime "11:37:17 PDT"]
[Termination "chalowey97 won by resignation"]

1. d4 d5 2. c4 dxc4 3. e3 Nf6 4. Bxc4 a6 5. Nf3 e6 6. O-O b5 7.
Be2 Bb7 8. a4 b4 9. Nbd2 Nbd7 10. Nc4 Be7 11. Bd2 O-O 12. Rc1 a5 13. Nfe5 c5 14. Nxd7 Nxd7 15. Bf3 Bxf3 16. Qxf3 cxd4 17. exd4 Bf6 18. Be3 Qe7 19. b3 Rfd8 20. Rfd1 Nf8 21. Ne5 Rd5 22. h3 Ng6 23. Nc4 Qa7 24. Rc2 Rad8 25.
Rcd2 Nh4 26. Qe4 Nf5 27. g4 Nd6 28. Qd3 h6 29. Nxd6 R8xd6 30. Qc4 Qd7 31. Kg2 Qd8 32.
Kg1 Rd7 33. Kg2 g6 34. Bxh6 Rxd4 35. Rxd4 Bxd4 36. Qd3 Qa8+ 37. Qf3 Qc8 38. Bf4 e5 39. Bg5 Rc7 40. Bf6 Rc3 41. Qe4 Qc6 42. Qxc6 Rxc6 43.
f4 Rxf6 44. fxe5 Bxe5 45. Rd5 Bc3 46. Rxa5 Kg7 47. Rb5 Rd6 48. a5 Rd2+ 49. Kf3 Rb2 50. a6 Rxb3 51. Ra5 Bd4+ 52. Ke4 Ba7 53. h4 Rc3 54. h5 gxh5 55. gxh5 b3 56. Rb5 Rc6 57.
Rxb3 Rxa6 58. Rb5 Bb6 59. Kf5 Ra5 60. Rxa5 Bxa5 61. Kg5 Kf8 62. Kf6 Bc3+ 63. Kf5 Bh8 64. Kg5 Kg7 65. h6+ Kh7 66. Kh5 Be5 67. Kg5 Bd4 68.
Kh5 Bc5 69. Kg5 Be7+ 70. Kh5 Bd8 71. Kg4 Kxh6 72. Kf5 Kg7 0-1

[Event "*** SCC Grand Prix: Titled Tuesday Blitz"]
[Site "Chess.com"]
[Date "2020.07.21"]
[Round "8"]
[White "Shushik"]
[Black "eljanov"]
[Result "1/2-1/2"]
[WhiteElo "2242"]
[BlackElo "2816"]
[TimeControl "180+1"]
[EndTime "11:37:20 PDT"]
[Termination "Game drawn by repetition"]

1. e4 c6 2. d4 d5 3. Nc3 dxe4 4. Nxe4 Bf5 5. Ng3 Bg6 6. Nf3 Nf6 7. Bd3 e6 8. O-O Nbd7 9. c4 Bd6 10. b3 O-O 11.
Bb2 Qc7 12. Rc1 Rad8 13. Bxg6 hxg6 14. Qe2 Rfe8 15. Rfe1 c5 16. dxc5 Bxc5 17. Ne5 Nxe5 18. Bxe5 Qb6 19. Bxf6 gxf6 20. Ne4 Be7 21. Red1 f5 22.
Nc3 a6 23. Rxd8 Rxd8 24. Rd1 Bf6 25. Na4 Rxd1+ 26. Qxd1 Qd4 27. Qxd4 Bxd4 28. c5 Kf8 29.
Nb6 Ke7 30. Nc8+ Kd7 31. Nd6 Kc6 32. Nxf7 Kxc5 33. Nd8 Kd5 34. Kf1 b5 35. Ke2 e5 36.
Nf7 e4 37. h4 Bf6 38. g3 Kc5 39. f3 exf3+ 40. Kxf3 Kb4 41. Nd6 Ka3 42. Ne8 Be5 43.
g4 fxg4+ 44. Kxg4 Kxa2 45. Kg5 Bg3 46. Kxg6 Bxh4 47. Nc7 a5 48. Nxb5 Kxb3 49. Kf5 a4 50. Ke4 Kc4 51. Na3+ Kb4 52. Nb1 Be1 53. Kd3 Kb3 54.
Kd4 Bb4 55. Kd3 Kb2 56. Kc4 Be1 57. Kb5 Kb3 58. Kc5 Ba5 59. Kb5 Bb4 60. Kb6 Kc4 61. Kc6 Bc5 62. Nd2+ Kb4 63. Nb1 Bf2 64. Nd2 Kc3 65. Nb1+ Kb4 66. Kd5 Kb3 67. Kc6 Kb4 1/2-1/2

[Event "*** SCC Grand Prix: Titled Tuesday Blitz"]
[Site "Chess.com"]
[Date "2020.07.21"]
[Round "8"]
[White "chargemax23"]
[Black "Batsai"]
[Result "1-0"]
[WhiteElo "2599"]
[BlackElo "2360"]
[TimeControl "180+1"]
[EndTime "11:37:25 PDT"]
[Termination "chargemax23 won by resignation"]

1. e4 c6 2. Nc3 d5 3. Nf3 Nf6 4. e5 Ne4 5. d3 Nxc3 6. bxc3 Bg4 7. h3 Bh5 8. d4 e6 9. Bd3 Bg6 10. O-O Be7 11. a4 c5 12. Rb1 b6 13. g3 O-O 14. h4 Nc6 15. Be3 Na5 16. Kg2 Qd7 17.
Rb5 Nc4 18. Bxc4 dxc4 19. dxc5 Qc6 20. cxb6 axb6 21. Rxb6 Qxa4 22. Nd4 Bc5 23. Rb2 Rfb8 24. Rxb8+ Rxb8 25. Qa1 Qd7 26. Rd1 Qb7+ 27. f3 h6 28. g4 Qb2 29. h5 Bxc2 30. Qxb2 Rxb2 31. Rd2 Bxd4 32. Bxd4 Ra2 33. Kg3 Bb3 34. Be3 Ra8 35. Rd7 Ba4 36. Rc7 Bb3 37. f4 Rd8 38. Bd4 Ba2 39.
g5 Rb8 40. f5 hxg5 41. f6 Bb1 42. Kg4 g6 43. Kxg5 gxh5 44. Kxh5 Bg6+ 45. Kg5 Bd3 46. Bc5 Bg6 47. Kf4 Kh7 48. Ke3 Bh5 49. Bd6 Rb1 50. Rxc4 Kg6 51. Rc8 Kf5 52. Kd4 Rd1+ 53. Kc5 Rd5+ 54.
Kb4 Rd1 55. c4 Rb1+ 56. Kc5 Bf3 57. Rc7 Bh5 58. Kd4 Rd1+ 59. Kc3 Ke4 60. c5 Rc1+ 61. Kb4 Kd5 62. Kb5 Rb1+ 63. Ka6 Ra1+ 64. Kb7 Rb1+ 65. Kc8 Bg6 66. Kd7 Rb8 67. Ke7 Rg8 68. c6 Ra8 69.
Kd7 Rg8 70. Rb7 Bc2 71. c7 Ba4+ 72. Ke7 Kc6 73. Rb8 1-0

[Event "*** SCC Grand Prix: Titled Tuesday Blitz"]
[Site "Chess.com"]
[Date "2020.07.21"]
[Round "8"]
[White "Duhless"]
[Black "Dedic8"]
[Result "0-1"]
[WhiteElo "2950"]
[BlackElo "2797"]
[TimeControl "180+1"]
[EndTime "11:37:28 PDT"]
[Termination "Dedic8 won on time"]

1. c4 e5 2. Nc3 Bb4 3. Nd5 Be7 4. d4 d6 5. e4 exd4 6. Qxd4 Nf6 7. Nxe7 Qxe7 8. f3 Nc6 9. Qc3 Bd7 10. Ne2 O-O-O 11. Be3 Kb8 12. O-O-O Rhe8 13. Ng3 Qe5 14. Qxe5 dxe5 15.
Be2 Be6 16. Rxd8+ Rxd8 17. Rd1 Rxd1+ 18. Kxd1 a5 19. Kd2 b6 20. Kc3 Ne7 21. c5 Kb7 22. b3 Kc6 23. cxb6 cxb6 24. Nf1 Nd7 25. Nd2 Nc5 26. a3 Nc8 27. Nc4 f6 28. h4 Na7 29.
a4 Nc8 30. Bd1 Nd6 31. Nxd6 Kxd6 32. b4 axb4+ 33. Kxb4 Kc6 34. Be2 Nd7 35. Bb5+ Kc7 36. g3 Nb8 37. Kc3 Nc6 38. Bc4 Bd7 39. g4 Nd8 40. Kb4 Nc6+ 41. Kc3 Na5 42. Bb5 Be6 43. g5 Nc6 44. gxf6 gxf6 45. f4 exf4 46. Bxf4+ Ne5 47. Bh6 Nd7 48. Bf4+ Ne5 49. Bh6 Nd7 50. Kd4 Kd6 51.
Bg7 Ke7 52. Bc4 Nc5 53. Bxe6 Kxe6 54. Bf8 Nxa4 55. Kc4 Nc5 56. Kd4 Nd7 57. Bb4 Ne5 58. Ke3 Nc6 59. Bc3 b5 60. Bb2 Na5 61. Kd4 Nb7 62. Bc3 Nd6 63. Bb4 Nf7 64. Ke3 Ne5 65. Bc3 Nc6 66. Kd3 b4 67. Bb2 Kf7 68. Kc4 Ke6 69.
Kb5 Ne5 70. Bd4 Nf3 71. Bf2 b3 0-1

[Event "*** SCC Grand Prix: Titled Tuesday Blitz"]
[Site "Chess.com"]
[Date "2020.07.21"]
[Round "8"]
[White "LuckSlayeer"]
[Black "olksuna"]
[Result "0-1"]
[WhiteElo "2429"]
[BlackElo "2631"]
[TimeControl "180+1"]
[EndTime "11:37:31 PDT"]
[Termination "olksuna won by resignation"]

1. e4 d6 2. d4 Nf6 3. Nc3 c6 4. Be3 Nbd7 5. f4 e5 6. dxe5 dxe5 7. f5 Bb4 8. Qf3 Bxc3+ 9. bxc3 Qa5 10. Ne2 Nc5 11.
Bxc5 Qxc5 12. g4 Qa3 13. g5 Nd7 14. f6 gxf6 15. gxf6 Nc5 16. Qg3 Be6 17. Qxe5 O-O-O 18. Bg2 Rhg8 19. Kf2 Rd2 20. Bf3 Nd7 21. Qf4 Rxc2 22. Rhg1 Qc5+ 23. Qe3 Qxe3+ 24. Kxe3 Rxg1 25. Rxg1 Nxf6 26. e5 Nd5+ 27. Bxd5 Bxd5 28. Rg8+ Kc7 29. Rg7 Rxa2 30. Rxh7 a5 31. Nd4 Kb6 32. h4 a4 33. Rh8 Rh2 34. Ra8 Rxh4 35. Rxa4 Re4+ 36. Kd3 Rxe5 37. Ra1 Rh5 38.
Rb1+ Kc7 39. Re1 Rh3+ 40. Kd2 b5 41. Re7+ Kb6 42. Re8 Rh2+ 43. Kc1 Kc5 44. Re3 Kc4 45. Nc2 Kb3 46. Nd4+ Kc4 47. Nc2 f5 48. Na3+ Kc5 49. Nc2 f4 50. Re1 f3 51. Rf1 Kc4 52.
Ne3+ Kxc3 53. Nxd5+ cxd5 54. Rxf3+ Kc4 55. Rf4+ d4 56. Rg4 b4 57. Rf4 b3 58. Rf3 Rh1+ 59.
Kb2 Rh2+ 60. Kc1 Kb4 61. Rf4 Kc3 62. Rf1 d3 63. Kb1 Rb2+ 64. Kc1 Rc2+ 65. Kb1 b2 66. Rd1 Re2 67. Rf1 Kd2 68. Kxb2 Ke3+ 69. Kc3 Rc2+ 70. Kb3 Rc7 71. Rd1 d2 72. Rh1 Ke2 73.
Rh2+ Ke3 74. Rh3+ Ke4 75. Rh1 Rc1 76. Rh4+ Kf5 77. Rd4 d1=Q+ 78. Rxd1 Rxd1 0-1